 Dungeon Crawl Stone Soup version 0.31-a0-496-g6f97920a28 (webtiles) character file.

Game seed: 2784022919526286684

291 MisterAzrael the Cudgeller (level 6, 0/62 HPs)
             Began as an Ogre Berserker on Aug 8, 2023.
             Was a Believer of Trog.
             Slain by a gnoll bouda
             ... wielding a +0 club
              (10 damage)
             ... on level 4 of the Dungeon.
             The game lasted 00:03:47 (3661 turns).

MisterAzrael the Cudgeller (Ogre Berserker)         Turns: 3661, Time: 00:03:48

Health: 0/62       AC:  4    Str: 24    XL:     6   Next: 32%
Magic:  0/6        EV: 10    Int:  8    God:    Trog [**....]
Gold:   184        SH:  0    Dex:  8    Spells: 5/5 levels left

rFire   . . .        j - +4 hammer
rCold   . . .        (no shield)
rNeg    . . .        b - +0 animal skin
rPois   .            (helmet restricted)
rElec   .            f - +0 cloak
rCorr   .            (gloves unavailable)
SInv    .            (boots unavailable)
Will    ++...        k - amulet of guardian spirit
Stlth   +            (no ring)
HPRegen 1.30/turn    (no ring)
MPRegen 0.10/turn

%: guardian spirit
@: weakened, strong-willed, regenerating
A: large, unfitting armour, tough skin 1
a: Renounce Religion, Berserk, Trog's Hand


You were on level 4 of the Dungeon.
You worshipped Trog.
Trog was pleased with you.
You visited 1 branch of the dungeon, and saw 4 of its levels.

You collected 184 gold pieces.

Inventory:

Hand Weapons
 a - a +0 mace
 j - a +4 hammer (weapon)
Missiles
 i - 10 poisoned darts
Armour
 b - a +0 animal skin (worn)
 f - a +0 cloak (worn)
Jewellery
 k - an amulet of guardian spirit (around neck)
 o - the ring of Darkness {rN+ Int+2 Dex+4}
   (You found it on level 4 of the Dungeon)

   [ring of positive energy]

   Int:       It affects your intelligence (+2).
   Dex:       It affects your dexterity (+4).
   rN:        It protects you from negative energy.
Wands
 p - a wand of charming (7)
Scrolls
 e - 4 scrolls of identify {unknown}
 h - a scroll of revelation {unknown}
 l - a scroll of amnesia {unknown}
 m - a scroll of teleportation {unknown}
 n - 2 scrolls of poison {unknown}
Potions
 c - a potion of lignification
 d - 5 potions of curing
 g - 2 potions of heal wounds {unknown}


   Skills:
 - Level 4.0 Fighting
 + Level 6.3 Maces & Flails
 - Level 2.6 Dodging


You had 5 spell levels left.
You didn't know any spells.
Your spell library was empty.

Dungeon Overview and Level Annotations

Branches:
Dungeon (4/15)
 Temple: D:4-7

Altars:
Dithmenos

Shops:
D:2 :

Annotations:
D:3 1 runed translucent door, Crazy Yiuf


Innate Abilities, Weirdness & Mutations

You are too large for most types of armour.
You have tough skin. (AC +1)


Message History

The gnoll hits you but does no damage.
You hit the gnoll bouda.
The gnoll bouda is lightly wounded.
The gnoll hits you but does no damage.
The gnoll bouda hits you but does no damage.
You completely miss the gnoll bouda.
The gnoll bouda is lightly wounded.
The gnoll closely misses you.
The gnoll bouda hits you with a +0 club!
You barely miss the gnoll bouda.
The gnoll bouda is lightly wounded.
The gnoll bouda hits you with a +0 club!
The gnoll misses you.
You hit the gnoll bouda.
The gnoll bouda is moderately wounded.
The gnoll bouda hits you with a +0 club.
The gnoll hits you from afar with a +0 spear.
You hit the gnoll bouda.
The gnoll bouda is heavily wounded.
The gnoll bouda hits you with a +0 club!
The gnoll hits you from afar with a +0 spear.
You closely miss the gnoll bouda.
The gnoll bouda is heavily wounded.
The gnoll bouda hits you with a +0 club!
* * * LOW HITPOINT WARNING * * *
The gnoll closely misses you.
Your skin crawls.
You feel strong-willed.
The gnoll bouda gazes fiercely through you!
You feel your attacks grow feeble. The gnoll bouda closely misses you.
The gnoll hits you from afar with a +0 spear.
* * * LOW HITPOINT WARNING * * *
The gnoll bouda attacks as you move away!
The gnoll bouda hits you with a +0 club.
* * * LOW HITPOINT WARNING * * *
The gnoll is no longer moving quickly.
The gnoll bouda attacks as you move away!
The gnoll bouda hits you with a +0 club!
You die... ##.....###.......## #.......###.....## ........ ##...## ...... ##'## #g... #.# ggg

######.#### #g#
#.......).# #g#
#.[##...#.###
#.##@####..#..<......
#.........†.....#.###
####.####.......#.#
#.# #.....#.#.# #.#
#..####.#.# ..#
#.........# ###
###########


You could see a gnoll bouda, 4 gnolls and a hobgoblin.

Vanquished Creatures
  A hound (D:4)
  An orc priest (D:4)
  Jessica (D:3)
  Terence (D:3)
  An orc wizard (D:4)
  An adder (D:3)
  3 gnolls (D:4)
  3 worms (D:2)
  5 dart slugs
  12 orcs (D:4)
  7 ball pythons
  5 bats
  4 endoplasms
  4 giant cockroaches
  4 hobgoblins
  5 jackals
  6 kobolds
  5 quokkas
  5 frilled lizards
  8 goblins
  9 rats
91 creatures vanquished.

Notes
Turn   | Place    | Note
-------+----------+-------------------------------------------
     0 | D:1      | MisterAzrael the Ogre Berserker began the quest for the
                  | Orb.
     0 | D:1      | Reached XP level 1. HP: 24/24 MP: 1/1
   184 | D:1      | Reached skill level 3 in Maces & Flails
   222 | D:1      | Reached XP level 2. HP: 25/32 MP: 2/2
   985 | D:2      | Reached XP level 3. HP: 39/39 MP: 3/3
  1056 | D:2      | Reached skill level 4 in Maces & Flails
  1226 | D:2      | Reached ** piety under Trog
  1284 | D:2      | Found Har Vegg's Book Boutique.
  1350 | D:2      | Reached XP level 4. HP: 48/48 MP: 4/4
  1954 | D:3      | Noticed Jessica
  1962 | D:3      | Killed Jessica
  2084 | D:3      | Reached skill level 5 in Maces & Flails
  2173 | D:3      | Found a faded altar of an unknown god.
  2344 | D:3      | Noticed Terence
  2353 | D:3      | Killed Terence
  2354 | D:3      | Reached XP level 5. HP: 44/54 MP: 5/5
  2636 | D:4      | HP: 4/81 [orc/+0 club (2)]
  2637 | D:4      | HP: 1/81 [orc priest/+1 hand axe of freezing (1)]
  2810 | D:3      | Found a runed translucent door.
  2811 | D:3      | Noticed Crazy Yiuf
  3020 | D:4      | Found a shadowy altar of Dithmenos.
  3033 | D:4      | Reached skill level 6 in Maces & Flails
  3033 | D:4      | Reached XP level 6. HP: 42/62 MP: 3/6
  3268 | D:4      | Identified the ring of Darkness {rN+ Int+2 Dex+4}
  3661 | D:4      | Slain by a gnoll bouda

Illustrated notes

Levels and vault maps discovered:
D:1:      mrwooster_arrival_arrow, layout_basic
D:2:      wander_river, layout_rooms, serial_shops, shop
D:3:      layout_basic, ebering_ecumenical_altar_petrified, uniq_jessica,
          uniq_crazy_yiuf_cottage, uniq_terence
D:4:      layout_loops_corners, mainiacjoe_overflow_catwalk, uniq_blork_the_orc

Skill      XL: |  1  2  3  4  5 |
---------------+----------------+-----
Maces & Flails | 3 4 5 6 |  6.3
Fighting       | |  4.0
Dodging        | |  2.6

Action                     |  1- 3 |  4- 6 || total
---------------------------+-------+-------++-------
  Melee: Mace              |   121 |   156 ||   277
 Invoke: Berserk           |     2 |     2 ||     4
         Trog's Hand       |       |     1 ||     1
    Use: Potion            |     2 |       ||     2
         Scroll            |       |     2 ||     2
   Stab: Sleeping          |     1 |       ||     1
 Armour: Animal skin       |    51 |    45 ||    96
         Skin              |    10 |       ||    10
  Dodge: Dodged            |    87 |    91 ||   178

Table legend: (Time is in decaauts)
 A = Elapsed time spent in this place.
 B = Non-inter-level travel time spent in this place.
 C = Inter-level travel time spent in this place.
 D = Time resting spent in this place.
 E = Time spent auto-exploring this place.
 F = Levels seen in this place.
 G = Mean time per level.
                   A        B        C        D        E       F      G
               +--------+--------+--------+--------+--------+-----+--------+
         Total |   3754 |   3664 |     90 |    304 |   2624 |   4 |  938.5 |
       Dungeon |   3754 |   3664 |     90 |    304 |   2624 |   4 |  938.5 |
               +--------+--------+--------+--------+--------+-----+--------+

Top non-repeatable levels by time:
     D:3: 1039 daAuts
     D:4: 995 daAuts
     D:1: 992 daAuts
     D:2: 726 daAuts
